 Dungeon Crawl Stone Soup version 0.23.0-42-geed6394 (webtiles) character file.

Game seed: 16218057496708417308

4200 scarywalker64 the Cutter (level 10, -12/58 HPs)
             Began as a Gargoyle Wizard on Feb 28, 2019.
             Was a Follower of Sif Muna.
             Mangled by Gastronok (25 damage)
             ... on level 8 of the Dungeon.
             The game lasted 00:30:14 (8857 turns).

scarywalker64 the Cutter (Gargoyle Wizard)          Turns: 8857, Time: 00:30:14

Health: -12/58     AC:  9    Str: 11    XL:     10   Next: 29%
Magic:  12/20      EV: 17    Int: 29    God:    Sif Muna [*.....]
Gold:   190        SH:  0    Dex: 11    Spells: 13/22 levels left

rFire    . . .     SeeInvis +   k - +1 rapier (elec)
rCold    + . .     Gourm    .   (no shield)
rNeg     + + +     Faith    .   a - +0 robe
rPois    ∞         Spirit   .   D - -2 hat of the Alchemist {rElec rPois rF+ rC+ rN+ MR+ rMut rCorr}
rElec    +         Reflect  .   m - scarf {repulsion}
rCorr    +         Harm     .   w - +1 pair of gloves {Dex+3}
rMut     +                      (no boots)
MR       +....                  v - amulet of rage
Stlth    ++++......             F - +3 ring of evasion
HPRegen  0.19/turn              b - ring "Rinybbenu" {+Blink rF- rN+ Int+7 SInv Stlth+}
MPRegen  0.17/turn

@: slowed, repel missiles, very slow
A: negative energy resistance 1, electricity resistance, unbreathing,
petrification resistance, rot immunity, AC +7
a: Divine Energy, Renounce Religion, Evoke Blink, Evoke Berserk Rage


You were on level 8 of the Dungeon.
You worshipped Sif Muna.
Sif Muna was aware of your devotion.
You were not hungry.

You visited 2 branches of the dungeon, and saw 9 of its levels.

You collected 500 gold pieces.
You spent 310 gold pieces at shops.

Inventory:

Hand Weapons
 k - a +1 rapier of electrocution (weapon)
 u - a +0 shortbow
Missiles
 f - 284 arrows
 h - 189 stones (quivered)
Armour
 a - a +0 robe (worn)
 i - a +0 large shield
 m - a scarf of repulsion (worn)
 w - a +1 pair of gloves of dexterity (worn)
 y - a +0 shield
 D - the -2 hat of the Alchemist (worn) {rElec rPois rF+ rC+ rN+ MR+ rMut rCorr}
   (You found it on level 7 of the Dungeon)

   It protects you from fire.
   It protects you from cold.
   It insulates you from electricity.
   It protects you from poison.
   It protects you from negative energy.
   It affects your resistance to hostile enchantments.
   It provides partial protection from all sources of acid and corrosion.
   It protects you from mutation.
Jewellery
 b - the ring "Rinybbenu" (right hand) {+Blink rF- rN+ Int+7 SInv Stlth+}
   (You found it on level 6 of the Dungeon)

   [ring of see invisible]

   It affects your intelligence (+7).
   It makes you vulnerable to fire.
   It protects you from negative energy.
   It lets you see invisible.
   It lets you blink.
   It makes you more stealthy.
 c - an uncursed ring of positive energy
 v - an amulet of rage (around neck)
 F - a +3 ring of evasion (left hand)
 I - an uncursed ring of protection from fire
Wands
 q - a wand of random effects (32)
 r - a wand of acid (4)
Scrolls
 e - 2 scrolls of fear
 g - 5 scrolls of magic mapping
 j - a scroll of blinking
 l - a scroll of amnesia
 n - 3 scrolls of remove curse
 G - a scroll of fog {unknown}
 H - a scroll of identify
Potions
 o - 2 potions of ambrosia
 p - a potion of berserk rage
 s - a potion of might
 t - a potion of magic {unknown}
 x - 2 potions of brilliance
 z - a potion of heal wounds
 A - 5 potions of curing
 C - a potion of resistance
 E - a potion of cancellation
Comestibles
 d - 14 rations
 B - 4 chunks of flesh


   Skills:
 + Level 4.5 Fighting
 + Level 7.1 Short Blades
   Level 0.2 Polearms
 + Level 4.5 Dodging
 + Level 6.7 Stealth
 * Level 4.4 Shields
 - Level 0.4 Unarmed Combat
 * Level 6.7 Spellcasting
 + Level 2.9 Conjurations
 + Level 0.8 Summonings
 + Level 0.9 Translocations
 + Level 1.2 Air Magic
 + Level 1.5 Poison Magic


You had 13 spell levels left.
You knew the following spells:

 Your Spells              Type           Power        Failure   Level  Hunger
a - Sticks to Snakes      Tmut           #.......     8%          2    None
b - Blink                 Tloc           N/A          5%          2    None
c - Call Imp              Summ           ##......     5%          2    None
d - Mephitic Cloud        Conj/Pois/Air  ###.....     7%          3    None

Your spell library contained the following spells:

 Spells                   Type           Power        Failure   Level  Hunger
 Magic Dart               Conj           ####         1%          1    None
 Beastly Appendage        Tmut           #.....       5%          1    None
 Slow                     Hex            #.......     8%          2    None
 Conjure Flame            Conj/Fire      ###.....     9%          3    None
 Spider Form              Tmut/Pois      ##........   12%         3    None
 Ice Form                 Ice/Tmut       #.......     45%         4    ##.....
 Blade Hands              Tmut           #.........   82%         5    #####..


Dungeon Overview and Level Annotations

Branches:
Dungeon (8/15)             Temple (1/1) D:5
   Lair: D:8-11

Altars:
Ashenzari
Cheibriados
Dithmenos
Elyvilon
Fedhas
Gozag
Hepliaklqana
Kikubaaqudgha
Makhleb
Nemelex Xobeh
Okawaru
Qazlal
Ru
Sif Muna
Trog
Uskayaw
Vehumet
Wu Jian
Xom
Yredelemnul
Zin
The Shining One

Shops:
D:7 [

Annotations:
D:8 Gastronok


Innate Abilities, Weirdness & Mutations

You are resistant to torment.
Your stone body is resilient. (AC +7)
You are immune to poison.
You resist negative energy. (rN+)
You are resistant to electric shocks. (rElec)
You can survive without breathing.
You are immune to petrification.
You are immune to rotting.


Message History

Gastronok is almost dead.
The quokka bites you but does no damage.
Your crimson imp hits Gastronok but does no damage.
Gastronok bites your crimson imp!!
Your crimson imp dies!
The quokka misses you.
Gastronok gurgles horribly!
You hit Gastronok. Lightning courses through Gastronok!
Gastronok is almost dead.
The quokka closely misses you.
Casting: Mephitic Cloud (safe; 7% risk of failure)
Confirm with . or Enter, or press ? or * to list all spells.
Aiming: Mephitic Cloud (safe; 7% risk of failure)
Press: ? - help, Shift-Dir - straight line, f/p - Gastronok
Aim: Gastronok, wearing a +0 hat of magic resistance (almost dead, covering ground quickly)
Okay, then.
You completely miss Gastronok.
Gastronok is almost dead.
The quokka barely misses you. Gastronok bites you!!
You die...

#..............# ...# ...##
#..............# .........
#..............######.######
##'##..........##.......#
#.##..........##.......####
#.##..........##........÷..
######.##......r...##.......####
#.......+..........##.......#
##.####.##.....r@w..##.......#
.........#####'#######.......#
##.####...÷..........#.......####
##.####.######.#####.#...........
........# #.# #.#......÷....
##'###### #.#####.########....
.....# #.#......# #.... .....#
#.#......# #.... .....#
#.#......# #....


You could see Gastronok and 2 quokkas.

Vanquished Creatures
  A two-headed ogre (D:8)
  Pikel (D:8)
  2 hippogriffs (D:8)
  Sigmund (D:3)
  A wyvern (D:2)
  A water moccasin (D:7)
  An ice beast (D:8)
  A sky beast (D:7)
  An orc warrior (D:8)
  A slave (D:8)
  4 ogres
  A black bear (D:7)
  A phantom (D:5)
  2 centaurs
  A crocodile (D:7)
  5 bullfrogs
  A water moccasin skeleton (D:7)
  2 howler monkeys
  A crimson imp (D:5)
  3 jellies
  4 orc priests
  A centaur skeleton (D:4)
  4 hounds
  Crazy Yiuf (D:3)
  2 iguanas
  Natasha (thrice) (D:3)
  Terence (D:3)
  9 orc wizards
  10 worker ants
  3 adders
  4 oozes
  2 worms
  A dart slug (D:3)
  6 leopard geckos
  34 orcs
  A ball python (D:2)
  8 giant cockroaches
  4 hobgoblins
  3 jackals (D:8)
  A quokka (D:5)
  7 bats
  5 frilled lizards
  4 goblins
  A jackal skeleton (D:7)
  10 kobolds
  2 quokka skeletons
  5 rats
168 creatures vanquished.

Vanquished Creatures (others)
  A black bear (D:8)
  A hound zombie (D:8)
  3 orcs (D:8)
5 creatures vanquished.

Grand Total: 173 creatures vanquished

Notes
Turn   | Place    | Note
-------+----------+-------------------------------------------
     0 | D:1      | scarywalker64 the Gargoyle Wizard began the quest for the
                  | Orb.
     0 | D:1      | Reached XP level 1. HP: 10/10 MP: 4/4
   320 | D:1      | Reached XP level 2. HP: 15/15 MP: 6/6
   861 | D:1      | Reached XP level 3. HP: 12/20 MP: 8/8
  1163 | D:2      | Learned a level 2 spell: Blink
  1166 | D:2      | Learned a level 2 spell: Call Imp
  1170 | D:2      | Learned a level 3 spell: Mephitic Cloud
  1377 | D:2      | Found a hazy altar of Hepliaklqana.
  2107 | D:3      | Noticed Sigmund
  2168 | D:3      | Reached skill level 1 in Fighting
  2168 | D:3      | Reached XP level 4. HP: 4/25 MP: 3/9
  2474 | D:3      | Killed Sigmund
  2474 | D:3      | Reached skill level 2 in Short Blades
  2474 | D:3      | Reached XP level 5. HP: 30/30 MP: 1/11
  2474 | D:3      | Reached XP level 6. HP: 35/35 MP: 1/12
  2622 | D:3      | Noticed Natasha
  2629 | D:3      | Killed Natasha
  2668 | D:3      | Noticed a wyvern
  2983 | D:2      | Killed a wyvern
  3111 | D:3      | Noticed Natasha
  3117 | D:3      | Killed Natasha
  3119 | D:3      | Reached XP level 7. HP: 29/40 MP: 13/13
  3265 | D:3      | Found a runed translucent door.
  3266 | D:3      | Noticed Crazy Yiuf
  3333 | D:3      | Noticed Terence
  3408 | D:3      | Noticed Natasha
  3418 | D:3      | Killed Natasha
  3569 | D:3      | Killed Terence
  3636 | D:3      | Killed Crazy Yiuf
  3636 | D:3      | Reached skill level 5 in Spellcasting
  3860 | D:4      | Reached skill level 3 in Short Blades
  4446 | D:4      | Reached XP level 8. HP: 43/46 MP: 15/15
  4835 | D:5      | Entered Level 5 of the Dungeon
  5233 | D:5      | Reached skill level 4 in Short Blades
  5320 | D:5      | Found a staircase to the Ecumenical Temple.
  5340 | Temple   | Entered the Ecumenical Temple
  5610 | Temple   | Became a worshipper of Sif Muna the Loreminder
  5666 | D:5      | Reached skill level 5 in Stealth
  6242 | D:6      | Learned a level 2 spell: Sticks to Snakes
  6458 | D:6      | Reached skill level 5 in Short Blades
  6654 | D:6      | Got a crude lapis lazuli ring
  6705 | D:6      | Identified the ring "Rinybbenu" {+Blink rF- rN+ Int+7 SInv
                  | Stlth+} (You found it on level 6 of the Dungeon)
  6852 | D:6      | Found an iron altar of Okawaru.
  7014 | D:6      | Reached skill level 1 in Shields
  7196 | D:7      | Reached XP level 9. HP: 46/51 MP: 17/17
  7370 | D:7      | Found the -2 hat of the Alchemist {rElec rPois rF+ rC+ rN+
                  | MR+ rMut rCorr}
  7398 | D:7      | Reached skill level 1 in Poison Magic
  7536 | D:7      | Reached skill level 6 in Short Blades
  7732 | D:7      | Found Seseec's Antique Armour Boutique.
  7840 | D:7      | Bought a runed scarf for 160 gold pieces
  7840 | D:7      | Bought a pair of embroidered gloves for 150 gold pieces
  8165 | D:8      | Noticed a two-headed ogre
  8185 | D:8      | Killed a two-headed ogre
  8185 | D:8      | Reached * piety under Sif Muna
  8185 | D:8      | Reached skill level 1 in Air Magic
  8337 | D:8      | Reached XP level 10. HP: 45/57 MP: 19/19
  8535 | D:8      | Noticed Gastronok
  8662 | D:8      | Noticed Pikel
  8673 | D:8      | Killed Pikel
  8673 | D:8      | Reached skill level 7 in Short Blades
  8857 | D:8      | Mangled by Gastronok

Skill      XL: |  1  2  3  4  5  6  7  8  9 10 |
---------------+-------------------------------+-----
Fighting       | 1 2 3 4 |  4.5
Spellcasting   | 4 5 6 |  6.7
Short Blades   | 2 3 5 6 7 |  7.1
Dodging        | 2 3 4 |  4.5
Stealth        | 3 4 5 6 |  6.7
Conjurations   | 2 |  2.9
Shields        | 1 3 4 |  4.4
Poison Magic   | 1 |  1.5
Air Magic      | 1 |  1.2
Polearms       | |  0.2
Unarmed Combat | |  0.4
Summonings     | |  0.8
Translocations | |  0.9

Action                   |  1- 3 |  4- 6 |  7- 9 | 10-12 || total
-------------------------+-------+-------+-------+-------++-------
Melee: Unarmed           |     8 |       |       |       ||     8
       Club              |     5 |       |       |       ||     5
       Spear             |    34 |       |       |       ||    34
       Rapier            |    85 |    48 |   339 |    52 ||   524
 Cast: Magic Dart        |     7 |       |       |       ||     7
       Mephitic Cloud    |       |     3 |    19 |     5 ||    27
       Blink             |       |     1 |       |       ||     1
       Call Imp          |       |       |       |     2 ||     2
  Use: Scroll            |       |       |    19 |       ||    19
 Stab: Sleeping          |     3 |     5 |     6 |     1 ||    15
       Confused          |       |     1 |     6 |       ||     7
  Eat: Chunk             |     4 |     4 |    13 |     2 ||    23
       Ration            |       |       |     1 |       ||     1
Armor: Robe              |    39 |    10 |   104 |    15 ||   168
Dodge: Dodged            |    96 |    23 |   205 |    43 ||   367
